 Dungeon Crawl Stone Soup version 0.25-a0-1119-g28b6fd0c3b (webtiles) character file.

Game seed: 17145722917319613461, levelgen mode: deterministic

12312 Esekla the Carver (level 11, -14/67 HPs)
             Began as an Octopode Wizard on May 18, 2020.
             Was a High Priest of Vehumet.
             Demolished by a catoblepas (27 damage)
             ... summoned by an orange crystal statue
             ... in a Gauntlet.
             The game lasted 02:18:20 (14757 turns).

Esekla the Carver (Octopode Wizard)                Turns: 14757, Time: 02:18:21

Health: -14/67     AC:  3    Str:  7    XL:     11   Next: 91%
Magic:  2/23       EV: 24    Int: 23    God:    Vehumet [*****.]
Gold:   124        SH:  0    Dex: 11    Spells: 12/27 levels left

rFire    . . .     SeeInvis .   f - +2 falchion (flame)
rCold    . . .     Gourm    .   (no shield)
rNeg     . . .     Faith    .   F - +2 hat
rPois    .         Spirit   .   (no amulet)
rElec    .         Reflect  .   g - ring of resist corrosion
rCorr    +         Harm     .   u - +4 ring of evasion
MR       .....     NoTele   +   i - ring of flight
Stlth    ++++......             y - +4 ring of evasion
HPRegen  0.21/turn              (no ring)
MPRegen  0.18/turn              (no ring)
                                (no ring)
                                (no ring)

@: brilliant, berserk cooldown, very slightly contaminated, slowed, very slow
A: almost no armour, stealthy swim, amphibious, 8 rings, constrict 8, camouflage
1, gelatinous body 1
a: Renounce Religion, Evoke Flight


You were in a Gauntlet.
You worshipped Vehumet.
Vehumet was extremely pleased with you.
You were not hungry.

You visited 2 branches of the dungeon, and saw 12 of its levels.
You also visited: Gauntlet.

You collected 544 gold pieces.
You spent 420 gold pieces at shops.

Inventory:

Hand Weapons
 e - a +2 dagger of electrocution
 f - a +2 falchion of flaming (weapon)
 s - a +0 spear
 v - a +0 short sword of venom
 Q - a +4 dagger
Missiles
 G - 4 boomerangs
 H - 42 poisoned darts (quivered)
Armour
 F - a +2 hat (worn)
 K - a +0 buckler
Jewellery
 g - a ring of resist corrosion (left tentacle)
 i - a ring of flight (on tentacle)
 n - an uncursed ring of protection from magic {unknown}
 u - a +4 ring of evasion (right tentacle)
 y - a +4 ring of evasion (on tentacle)
Wands
 l - a wand of disintegration (8)
 t - a wand of paralysis (35)
 w - a wand of enslavement (5)
 I - a wand of iceblast (11)
 M - a wand of clouds (3)
 R - a wand of random effects (9)
Scrolls
 a - a scroll of magic mapping
 b - a scroll of enchant weapon {unknown}
 h - a scroll of immolation {unknown}
 j - a scroll of fog {unknown}
 k - 4 scrolls of remove curse
 m - 2 scrolls of fear
 r - a scroll of amnesia {unknown}
 O - a scroll of brand weapon {unknown}
 P - a scroll of silence
Potions
 d - a potion of invisibility
 o - 2 potions of haste
 p - a potion of stabbing
 q - a potion of mutation
 x - 2 potions of cancellation
 z - 2 potions of flight
 A - 2 potions of curing
 B - a potion of resistance
 E - a potion of might
 J - 2 potions of lignification
Miscellaneous
 L - a tin of tremorstones (3/3)
Comestibles
 c - 26 rations


   Skills:
 + Level 3.3 Fighting
 + Level 3.9(6.7) Short Blades
 * Level 8.6(9.0) Long Blades
 + Level 0.4 Polearms
 - Level 3.0 Throwing
 * Level 7.0 Dodging
 - Level 5.0 Stealth
 * Level 8.6 Spellcasting
 + Level 5.3 Conjurations
   Level 1.0 Summonings
 + Level 3.6 Translocations
 + Level 4.4 Air Magic
 * Level 2.7 Earth Magic
 + Level 4.7 Poison Magic
 + Level 4.2 Evocations


You had 12 spell levels left.
You knew the following spells:

 Your Spells              Type           Power        Failure   Level  Hunger
a - Magic Dart            Conj           ####         1%          1    None
b - Blink                 Tloc           N/A          2%          2    None
c - Mephitic Cloud        Conj/Pois/Air  #####...     1%          3    None
d - Lee's Rapid Deconstr  Erth           ####......   16%         5    None
e - Shock                 Conj/Air       ####         1%          1    None
f - Conjure Flame         Conj/Fire      ####....     1%          3    None

Your spell library contained the following spells:

 Spells                   Type           Power        Failure   Level  Hunger
 Fulminant Prism          Conj/Hex       ####......   6%          4    None
 Call Imp                 Summ           ###.....     7%          2    None
 Slow                     Hex            ##......     10%         2    None
 Bolt of Magma            Conj/Fire/Erth ####......   16%         5    None
 Iskenderun's Battlesphe  Conj/Chrm      ####....     16%         5    None
 Iron Shot                Conj/Erth      #####.....   43%         6    None
 Orb of Destruction       Conj           ######....   80%         7    None
 Spellforged Servitor     Conj/Summ      #####.....   97%         7    None


Dungeon Overview and Level Annotations

Branches:
Dungeon (11/15)            Temple (1/1) D:4            Lair (0/6) D:9
    Orc (0/2) D:9         Gauntlet (1/1)

Altars:
Ashenzari
Cheibriados
Elyvilon
Fedhas
Gozag
Hepliaklqana
Kikubaaqudgha
Makhleb
Nemelex Xobeh
Okawaru
Qazlal
Ru
Sif Muna
Trog
Vehumet
Wu Jian
Xom
Yredelemnul
The Shining One

Shops:
D:5 *   D:7 [

Annotations:
Gauntlet 11 transporters, 2 runed translucent doors, exclusion: 2 orange crystal statues


Innate Abilities, Weirdness & Mutations

You cannot wear most types of armour.
You are very stealthy in the water. (Stealth+)
You are amphibious.
You can wear up to eight rings at the same time.
You can use your tentacles to constrict eight enemies at once.
Your skin changes colour to match your surroundings (Stealth+).
Your rubbery body absorbs attacks. (AC +1, EV +1)


Message History

The wolf's corpse dissolves into shadows!
The catoblepas misses you.
You riposte.
You barely miss the catoblepas.
You squeeze the catoblepas, but do no damage.
You hit the catoblepas. You burn the catoblepas. You squeeze the catoblepas!
The catoblepas is moderately wounded.
The catoblepas breathes a plume of calcifying dust at you.
The blast of calcifying dust hits you.
* * * LOW HITPOINT WARNING * * *
Really walk into that net trap?
Okay, then.
Really walk into that net trap?
A large net falls onto you!
You become entangled in the net!
You see here a throwing net.
You tear a large gash into the net.
You feel a strong urge to attack something.
You shred the net and break free!
You are no longer berserk.
You are exhausted.
You feel yourself slow down. The catoblepas gores you!!
You die...

#..........#..###########..#.....
#..#########..#.........#..######
#..#..8#8..#..#..##.##§§#..#.....
#8.#...8..G#..#!##...##.#..#.####
#..#[.8.8.8#..#h#.Y...#.#..#"#..#
#∩.#©8.©.8##©©#h8..©....#©©#©.#©÷
#..#!.8.8G8#..#.#^....#h#..#..##.
#8.#G..8..u#..#$##...##h#..#[..÷#
#..#uG8#8.u#..#.@##.##^.#..#.....
#..#########..#§§Y......#..######
#..........#..###########..#.....
#..#########..#.........#..######
≈..#......8#..#.........#..#bb...
#..#.####..#..#..##≈##..#..#b###+
≈..#.....#.#..#..≈###≈..#..#t#≈..
#..####©.#.#©.#..## ##..#.©#©#≈©.
§..#.).#.#.#..#..≈# #≈..#..#[#≈..


You could see a catoblepas (summoned), an orange crystal statue, 2 ugly things,
2 glowing orange brains and 2 wolves.

Vanquished Creatures
  2 hydras
  A queen ant (D:10)
  A two-headed ogre (D:10)
  A cyclops (D:11)
  A moth of wrath (Gauntlet)
  Psyche (D:9)
  A troll (D:10)
  3 hippogriffs
  2 dream sheep (D:8)
  A shadow (D:11)
  3 hungry ghosts
  11 yaks
  A soldier ant (D:10)
  A necrophage (D:9)
  2 phantoms
  An eye of draining (D:10)
  4 orc warriors
  6 ice beasts
  2 sky beasts (D:9)
  An ogre (D:8)
  6 wolves (Gauntlet)
  6 centaurs
  5 big kobolds
  A gnoll sergeant (D:9)
  4 bullfrogs
  A wyvern zombie (D:10)
  A water moccasin skeleton (D:9)
  6 scorpions (D:5)
  A killer bee (D:9)
  A wight (D:6)
  3 howler monkeys
  8 crimson imps
  A bullfrog zombie (D:6)
  5 hounds
  4 orc priests
  2 jellies (D:10)
  11 orc wizards
  4 bullfrog skeletons
  4 iguanas
  20 worker ants
  A hound skeleton (D:10)
  A howler monkey zombie (D:10)
  8 gnolls
  11 adders
  A shadow imp (D:6)
  3 oozes (D:1)
  An adder skeleton (D:4)
  6 worms
  3 dart slugs (D:1)
  6 leopard geckos
  23 orcs
  2 ball pythons
  4 giant cockroaches
  5 goblins
  9 hobgoblins
  5 jackals
  5 quokkas
  19 bats
  6 frilled lizards
  A jackal zombie (D:6)
  12 kobolds
  A leopard gecko skeleton (D:5)
  A quokka zombie (D:6)
  6 rats
  A fungus (D:5)
281 creatures vanquished.

Vanquished Creatures (others)
  A fungus (D:5)
  3 plants (D:8)
4 creatures vanquished.

Grand Total: 285 creatures vanquished

Notes
Turn   | Place    | Note
-------+----------+-------------------------------------------
     0 | D:1      | Esekla the Octopode Wizard began the quest for the Orb.
     0 | D:1      | Reached XP level 1. HP: 11/11 MP: 4/4
    47 | D:1      | Reached XP level 2. HP: 17/17 MP: 4/6
   219 | D:3      | Found a radiant altar of Vehumet.
   514 | D:3      | Reached XP level 3. HP: 21/21 MP: 7/7
   543 | D:3      | Became a worshipper of Vehumet
  1186 | D:2      | Learned a level 2 spell: Blink
  1672 | D:1      | Reached XP level 4. HP: 23/27 MP: 1/9
  2031 | D:2      | Reached skill level 1 in Short Blades
  2263 | D:2      | Reached * piety under Vehumet
  2263 | D:2      | Offered knowledge of Foxfire by Vehumet.
  2290 | D:2      | Learned a level 3 spell: Mephitic Cloud
  2733 | D:3      | Reached XP level 5. HP: 32/32 MP: 2/10
  2788 | D:3      | Reached skill level 1 in Poison Magic
  2845 | D:3      | Found a shattered altar of Ashenzari.
  2845 | D:3      | Found a sparkling altar of Nemelex Xobeh.
  2929 | D:2      | Found a white marble altar of Elyvilon.
  3231 | D:3      | Reached skill level 1 in Fighting
  3483 | D:5      | Entered Level 5 of the Dungeon
  3652 | D:5      | Reached skill level 1 in Air Magic
  3899 | D:5      | Reached XP level 6. HP: 13/38 MP: 1/12
  4428 | D:4      | Offered knowledge of Shock by Vehumet.
  4435 | D:4      | Learned a level 1 spell: Shock
  4439 | D:4      | Learned a level 3 spell: Conjure Flame
  4661 | D:4      | Reached ** piety under Vehumet
  5406 | D:4      | Found a staircase to the Ecumenical Temple.
  5443 | Temple   | Entered the Ecumenical Temple
  5560 | D:4      | Found a glowing golden altar of the Shining One.
  5614 | D:4      | Reached XP level 7. HP: 39/43 MP: 9/13
  5896 | D:5      | Found Oruomiti's General Store.
  6250 | D:5      | Found a bloodstained altar of Trog.
  6794 | D:5      | Reached skill level 5 in Stealth
  7144 | D:5      | Reached skill level 1 in Long Blades
  7353 | D:6      | Reached XP level 8. HP: 43/48 MP: 12/14
  7468 | D:6      | Found an ancient bone altar of Kikubaaqudgha.
  7469 | D:6      | Found a blossoming altar of Fedhas.
  7591 | D:6      | Offered knowledge of Stone Arrow by Vehumet.
  7856 | D:6      | Found a shimmering altar of Xom.
  8471 | D:7      | Reached skill level 5 in Spellcasting
  8476 | D:7      | Found Dishraum's Antique Armour Emporium.
  8495 | D:7      | Bought an embroidered hat for 203 gold pieces
  8537 | D:7      | Reached *** piety under Vehumet
  8777 | D:8      | Found an opulent altar of Gozag.
  8940 | D:8      | Reached skill level 5 in Long Blades
  8940 | D:8      | Reached XP level 9. HP: 39/54 MP: 10/17
  9027 | D:8      | Found a snail-covered altar of Cheibriados.
  9286 | D:8      | Noticed a two-headed hydra
  9535 | D:8      | Offered knowledge of Hailstorm by Vehumet.
  9870 | D:8      | Killed a two-headed hydra
  9870 | D:8      | Reached skill level 1 in Throwing
  9870 | D:8      | Reached skill level 5 in Dodging
  9870 | D:8      | Reached XP level 10. HP: 51/60 MP: 11/19
 10023 | D:9      | Noticed Psyche
 10036 | D:9      | Killed Psyche
 10095 | D:9      | Found a staircase to the Orcish Mines.
 10191 | D:7      | Bought a runed buckler for 217 gold pieces
 10399 | D:9      | Found a sacrificial altar of Ru.
 10663 | D:9      | Reached **** piety under Vehumet
 10673 | D:9      | Offered knowledge of Lee's Rapid Deconstruction by Vehumet.
 10673 | D:9      | Reached skill level 1 in Evocations
 10697 | D:9      | Learned a level 5 spell: Lee's Rapid Deconstruction
 10880 | D:9      | Found a white marble altar of Elyvilon.
 10948 | D:9      | Found a staircase to the Lair.
 11237 | D:10     | Entered Level 10 of the Dungeon
 12067 | D:10     | Noticed a two-headed ogre
 12144 | D:10     | Killed a two-headed ogre
 12239 | D:10     | Reached XP level 11. HP: 55/64 MP: 18/22
 12634 | D:10     | Reached skill level 1 in Earth Magic
 12712 | D:10     | Noticed a queen ant
 12947 | D:10     | Killed a queen ant
 13018 | D:10     | Reached ***** piety under Vehumet
 13019 | D:10     | Reached skill level 5 in Conjurations
 13340 | D:10     | Offered knowledge of Fulminant Prism by Vehumet.
 13756 | D:11     | Noticed a four-headed hydra
 13766 | D:11     | Killed a one-headed hydra
 13816 | D:11     | Noticed a cyclops
 13877 | D:11     | Killed a cyclops
 13969 | D:11     | Found a gate leading to a gauntlet.
 13998 | Gauntlet | Entered a Gauntlet
 13998 | Gauntlet | Found a transporter.
 13998 | Gauntlet | Found a runed translucent door.
 13998 | Gauntlet | Found a transporter.
 14008 | Gauntlet | Noticed a moth of wrath
 14070 | Gauntlet | Found a transporter.
 14082 | Gauntlet | Found a transporter.
 14099 | Gauntlet | Found a transporter.
 14099 | Gauntlet | Found a transporter.
 14099 | Gauntlet | Noticed an orange crystal statue
 14100 | Gauntlet | Found a transporter.
 14103 | Gauntlet | Found a transporter.
 14103 | Gauntlet | Found a transporter.
 14105 | Gauntlet | Noticed a glowing orange brain
 14106 | Gauntlet | Noticed a sixfirhy
 14106 | Gauntlet | Noticed a sixfirhy
 14106 | Gauntlet | Noticed a brown ugly thing
 14116 | Gauntlet | Noticed a sixfirhy
 14117 | Gauntlet | Noticed a sixfirhy
 14120 | Gauntlet | Found a transporter.
 14123 | Gauntlet | Found the +0 staff of Battle
 14132 | Gauntlet | Noticed a purple ugly thing
 14133 | Gauntlet | Found a transporter.
 14141 | Gauntlet | Noticed a glowing orange brain
 14146 | Gauntlet | Found a transporter.
 14157 | Gauntlet | Found a transporter.
 14165 | Gauntlet | Noticed an orange crystal statue
 14179 | Gauntlet | Found a transporter.
 14179 | Gauntlet | Noticed a fire crab
 14187 | Gauntlet | Found a runed translucent door.
 14412 | Gauntlet | Killed a moth of wrath
 14638 | Gauntlet | Got a glittering garnet amulet
 14641 | Gauntlet | Identified the amulet "Qefrawec" {Inacc Str+3} (You found
                  | it in a Gauntlet)
 14715 | Gauntlet | Noticed a catoblepas
 14715 | Gauntlet | Noticed a moth of wrath
 14715 | Gauntlet | Noticed a catoblepas
 14757 | Gauntlet | Demolished by a catoblepas

Illustrated notes

Levels and vault maps discovered:
D:1:      onia_arrival_handbag, layout_rooms, minmay_misc_feat_diagonals
D:2:      lemuel_upstairs_altar, layout_basic
D:3:      layout_loops_ring, vehumet_crystals,
          gammafunk_temple_overflow_elements
D:4:      layout_basic, marbit_many_paths, minmay_temple_entry_drinking_statues
D:5:      old_forge, layout_basic, kennysheep_little_box, serial_shops,
          nicolae_shop_stone, first_ration
D:6:      layout_rooms, grunt_temple_overflow_growth_and_decay,
          overflow_temple_1_default
D:7:      layout_cave_pools, serial_shops, nicolae_shop_overgrown_old_shop
D:8:      layout_loops_cross, kennysheep_mini,
          nicolae_gozag_cash_rules_everything_around_me, minivault_1,
          hangedman_ranch [blue_anna_fruit_fields], grunt_decor_mini_mirrors
D:9:      layout_roguey, lemuel_round_altar, lair_entry_dummy, orc_0_dummy,
          minmay_ruined_shrine, uniq_psyche
D:10:     layout_basic, minmay_misc_feat_square, minmay_another_anthill
D:11:     layout_rooms, serial_bayou, serial_bayou_shore_b,
          serial_bayou_lagoon_a, serial_bayou_pond_e, serial_bayou_ford_a,
          gauntlet_entry_generic, minmay_hollow_rounded_squares
Temple:   jpeg_temple_clearing
Gauntlet: gammafunk_gauntlet_mixed_choke_point
          [minmay_gauntlet_arena_77_shame_cube,
          minmay_gauntlet_arena_77_hold_the_fort,
          minmay_gauntlet_arena_77_squiggly,
          gammafunk_gauntlet_arena_split_diamond,
          minmay_gauntlet_arena_77_radiant_squares,
          minmay_gauntlet_arena_77_terracotta_army,
          minmay_gauntlet_arena_77_double_cross,
          nicolae_gauntlet_exit_dead_adventurers]

Skill      XL: |  1  2  3  4  5  6  7  8  9 10 11 |
---------------+----------------------------------+-----
Stealth        | 3 4 5 |  5.0
Short Blades   | 1 3 |  3.9
Poison Magic   | 1 2 3 4 |  4.7
Fighting       | 1 2 3 |  3.3
Spellcasting   | 4 5 6 7 8 |  8.6
Air Magic      | 1 2 3 4 |  4.4
Conjurations   | 2 3 4 5 |  5.3
Translocations | 2 3 |  3.6
Dodging        | 3 5 6 7 |  7.0
Long Blades    | 1 5 6 7 8 |  8.6
Throwing       | 1 2 3 |  3.0
Evocations     | 3 4 |  4.2
Earth Magic    | 2 |  2.7
Polearms       | |  0.4
Summonings     | |  1.0

Action                   |  1- 3 |  4- 6 |  7- 9 | 10-12 || total
-------------------------+-------+-------+-------+-------++-------
Melee: Dagger            |    55 |   148 |    68 |    24 ||   295
       Tentacles         |    13 |    24 |    33 |    59 ||   129
       Constrict         |    17 |    31 |    45 |    44 ||   137
       Long sword        |       |       |   105 |       ||   105
       Short sword       |       |       |    27 |     3 ||    30
       Spear             |       |       |    21 |    15 ||    36
       Falchion          |       |       |       |   290 ||   290
Throw: Dart              |       |       |    15 |   103 ||   118
 Cast: Magic Dart        |    60 |   118 |   117 |    63 ||   358
       Mephitic Cloud    |       |    11 |    10 |    27 ||    48
       Blink             |       |     4 |     6 |    13 ||    23
       Shock             |       |       |     9 |    37 ||    46
       Conjure Flame     |       |       |    10 |     8 ||    18
       Lee's Rapid Decon |       |       |       |     1 ||     1
  Use: Scroll            |       |     6 |     4 |    10 ||    20
       Potion            |       |     4 |       |     7 ||    11
 Stab: Sleeping          |     8 |    10 |    11 |     4 ||    33
       Confused          |       |     5 |     4 |    12 ||    21
       Distracted        |       |       |     1 |       ||     1
  Eat: Chunk             |     2 |     9 |    15 |    11 ||    37
       Ration            |       |     1 |       |     2 ||     3
Armor: Skin              |    11 |    20 |     8 |    11 ||    50
Dodge: Dodged            |    73 |    94 |   186 |   279 ||   632
       Rpst.: Long sword |       |       |    40 |       ||    40
       Falchion          |       |       |       |    71 ||    71

Table legend:
 A = Non-vault XP
 B = Vault XP
 C = Vault XP percentage of total XP
 D = Non-vault monster count
 E = Vault monster count
 F = Vault count percentage of total count
                 A         B        C        D         E       F
            +---------+---------+-------+---------+---------+-------
      Total |   10882 |    6707 |  38.1 |     219 |      61 |  21.8
            +---------+---------+-------+---------+---------+-------
        D:1 |      40 |      22 |  35.5 |      22 |       4 |  15.4
        D:2 |      63 |       0 |   0.0 |      20 |       0 |   0.0
        D:3 |     111 |       0 |   0.0 |      29 |       0 |   0.0
        D:4 |     263 |      14 |   5.1 |      19 |       1 |   5.0
        D:5 |     236 |     431 |  64.6 |      14 |      13 |  48.1
        D:6 |     398 |       0 |   0.0 |      12 |       0 |   0.0
        D:7 |     467 |       0 |   0.0 |      16 |       0 |   0.0
        D:8 |    1413 |    2186 |  60.7 |      22 |       8 |  26.7
        D:9 |    1176 |    1365 |  53.7 |      15 |      12 |  44.4
       D:10 |    4282 |    1500 |  25.9 |      38 |      16 |  29.6
       D:11 |    2433 |       0 |   0.0 |      12 |       0 |   0.0
   Gauntlet |       0 |    1189 | 100.0 |       0 |       7 | 100.0
            +---------+---------+-------+---------+---------+-------
